 Dungeon Crawl Stone Soup version 0.22-a0-611-g46e8f3c735 (webtiles) character file.

234 Kholdaimon the Grave Robber (level 5, -1/40 HPs)
             Began as a Mummy Necromancer on July 11, 2018.
             Slain by a hippogriff (6 damage)
             ... on level 4 of the Dungeon.
             The game lasted 00:20:16 (3001 turns).

Kholdaimon the Grave Robber (Mummy Necromancer)     Turns: 3001, Time: 00:20:16

Health: -1/40      AC:  5    Str: 12    XL:     5   Next: 75%
Magic:  4/9        EV: 11    Int: 15    God:
Gold:   227        SH:  0    Dex: 12    Spells: 1/10 levels left

rFire    x x .     SeeInvis .   j - +2 hunting sling (freeze)
rCold    + + .     Gourm    .   (no shield)
rNeg     + + +     Faith    .   e - +0 leather armour
rPois    ∞         Spirit   .   n - +1 helmet
rElec    .         Reflect  .   (no cloak)
rCorr    .         Harm     .   (no gloves)
MR       .....                  (no boots)
Stlth    +.........             (no amulet)
HPRegen  0.13/turn              i - ring of ice
MPRegen  0.11/turn              (no ring)

@: very slightly contaminated, heavily drained
A: no food or potions, fire vulnerability, cold resistance 1, negative energy
resistance 3, torment resistance, unbreathing
a: no special abilities


You were on level 4 of the Dungeon.
You were not hungry.

You visited 1 branch of the dungeon, and saw 4 of its levels.

You collected 227 gold pieces.

Inventory:

Hand Weapons
 j - a +2 hunting sling of freezing (weapon)
 m - a +2 dagger of flaming
Missiles
 b - 60 stones (quivered)
 k - 3 tomahawks
Armour
 e - a +0 leather armour (worn)
 l - a +0 ring mail
 n - a +1 helmet (worn)
Jewellery
 i - a ring of ice (left hand)
Scrolls
 c - a scroll of amnesia
 d - 3 scrolls of enchant armour
 f - 3 scrolls of fear
 p - a scroll of identify {unknown}


   Skills:
 + Level 2.8(1.1) Fighting
 + Level 2.9(1.3) Dodging
 - Level 1.5(0.0) Stealth
 - Level 3.0(1.3) Spellcasting
 * Level 5.4(3.6) Necromancy


You had one spell level left.
You knew the following spells:

 Your Spells              Type           Power        Failure   Level  Hunger
a - Pain                  Necr           ##..         7%          1    N/A
b - Animate Skeleton      Necr           N/A          7%          1    N/A
c - Vampiric Draining     Necr           ##........   21%         3    N/A
d - Animate Dead          Necr           N/A          54%         4    N/A

Your spell library contained the following spells:

 Spells                   Type           Power        Failure   Level  Hunger
 Regeneration             Chrm/Necr      #.........   38%         3    N/A

Dungeon Overview and Level Annotations

Branches:
Dungeon (4/15)
 Temple: D:4-7

Altars:
Cheibriados
Fedhas
Gozag
Nemelex Xobeh
Ru


Innate Abilities, Weirdness & Mutations

You do not eat or drink.
Your flesh is vulnerable to fire.
You are immune to poison.
Your flesh is cold resistant. (rC+)
You are immune to negative energy. (rN+++)
You are immune to unholy pain and torment.
You can survive without breathing.


Message History

Aim: a hippogriff (lightly wounded, chance to defeat MR: 64%)
The hippogriff writhes in agony!
Casting: Pain (safe; 7% risk of failure)
Confirm with . or Enter, or press ? or * to list all spells.
Aiming: Pain (safe; 7% risk of failure)
Press: ? - help, Shift-Dir - straight line, f/p - hippogriff
Aim: a hippogriff (moderately wounded, chance to defeat MR: 64%)
The hippogriff writhes in agony!
The hippogriff bites you! The hippogriff pecks you. The hippogriff claws you.
Casting: Pain (safe; 7% risk of failure)
Confirm with . or Enter, or press ? or * to list all spells.
Aiming: Pain (safe; 7% risk of failure)
Press: ? - help, Shift-Dir - straight line, f/p - hippogriff
Aim: a hippogriff (moderately wounded, chance to defeat MR: 64%)
The hippogriff writhes in agony!
The hippogriff bites you!
* * * LOW HITPOINT WARNING * * *
The hippogriff pecks you.
* * * LOW HITPOINT WARNING * * *
The hippogriff claws you.
You die...

...........###.###.
...........#.......
...........'.......
...........########
...............#
#####..........+
+..........#
#..........####+
#######@........
#H........
+a........
#####+#†........
#.....(##+#.....
........# .....
.(......# .....
........# ....
...<$...# ###


You could see a hippogriff and a worker ant.

Vanquished Creatures
  An ogre (D:4)
  An iguana (D:3)
  3 gnolls (D:3)
  An adder (D:3)
  A worm (D:2)
  4 leopard geckos
  10 orcs (D:3)
  4 giant cockroaches
  7 goblins
  7 hobgoblins
  A jackal (D:1)
  A quokka (D:3)
  2 ball pythons
  10 bats
  6 frilled lizards
  8 kobolds
  3 rats
70 creatures vanquished.

Vanquished Creatures (collateral kills)
  A dart slug (D:3)
  A jackal (D:1)
  A bat (D:1)
3 creatures vanquished.

Grand Total: 73 creatures vanquished

Notes
Turn   | Place    | Note
-------+----------+-------------------------------------------
     0 | D:1      | Kholdaimon the Mummy Necromancer began the quest for the Orb.
     0 | D:1      | Reached XP level 1. HP: 13/13 MP: 4/4
     2 | D:1      | Learned a level 1 spell: Animate Skeleton
   205 | D:1      | Reached XP level 2. HP: 18/20 MP: 1/5
   373 | D:1      | Reached skill level 1 in Fighting
   799 | D:2      | Found a blossoming altar of Fedhas.
   809 | D:2      | Found a faded altar of an unknown god.
   833 | D:2      | Reached XP level 3. HP: 26/26 MP: 5/7
  1015 | D:2      | Found a snail-covered altar of Cheibriados.
  1074 | D:2      | Found a sparkling altar of Nemelex Xobeh.
  1308 | D:2      | Found an opulent altar of Gozag.
  1565 | D:2      | Found a sacrificial altar of Ru.
  2220 | D:3      | Reached XP level 4. HP: 33/33 MP: 3/8
  2226 | D:3      | Learned a level 3 spell: Vampiric Draining
  2231 | D:3      | Learned a level 4 spell: Animate Dead
  2686 | D:3      | Reached XP level 5. HP: 35/39 MP: 7/9
  2692 | D:3      | Reached skill level 5 in Necromancy
  2919 | D:4      | Noticed an ogre
  2927 | D:4      | Killed an ogre
  2990 | D:4      | Noticed a hippogriff
  3001 | D:4      | Slain by a hippogriff

Vault maps used:
D:1:      minmay_arrival_three_doors
D:2:      overflow_temple_1_default, nemelex_xobeh_ov_fountains_minmay,
          nicolae_gozag_cash_rules_everything_around_me, marbit_many_paths,
          chequers_ecumenical_altar_simple, fedhas_altar_1
D:3:      serial_bayou_pond_d

Skill      XL: |  1  2  3  4  5 |
---------------+----------------+-----
Spellcasting   | 3 |  3.0
Fighting       | 1 2 |  2.8
Dodging        | 2 |  2.9
Necromancy     | 5 |  5.4
Stealth        | |  1.5

Action                   |  1- 3 |  4- 6 || total
-------------------------+-------+-------++-------
Melee: Dagger            |     2 |       ||     2
       Mace              |    30 |       ||    30
 Fire: Hunting sling     |       |    33 ||    33
Throw: Stone             |     1 |       ||     1
 Cast: Pain              |    90 |    34 ||   124
       Animate Skeleton  |    20 |     7 ||    27
  Use: Scroll            |       |     7 ||     7
Armor: Robe              |    14 |       ||    14
       Leather armour    |       |     4 ||     4
Dodge: Dodged            |    37 |    15 ||    52

Table legend:
 A = Spawn XP
 B = Non-spawn XP
 C = Spawn XP percentage of total XP
 D = Spawn monster count
 E = Non-spawn monster count
 F = Spawn count percentage of total count
 G = Total turns spent on level
                    A         B        C        D         E        F      G
               +---------+---------+-------+---------+---------+-------+---------
         Total |       0 |     335 |   0.0 |       0 |      73 |   0.0 |  3001
               +---------+---------+-------+---------+---------+-------+---------
           D:1 |       0 |      39 |   0.0 |       0 |      23 |   0.0 |   825
           D:2 |       0 |      34 |   0.0 |       0 |      21 |   0.0 |   962
           D:3 |       0 |     144 |   0.0 |       0 |      27 |   0.0 |  1129
           D:4 |       0 |     118 |   0.0 |       0 |       2 |   0.0 |    85
               +---------+---------+-------+---------+---------+-------+---------
